 Dungeon Crawl Stone Soup version 0.28-a0-1152-g9c71ebef14 (webtiles) character file.

Game seed: 3395108676869147119

2 spaghetti the Sneak (level 1, -2/16 HPs)
             Began as an Octopode Delver on Dec 14, 2021.
             Slain by an ufetubus (3 damage)
             ... on level 5 of the Dungeon.
             The game lasted 00:01:04 (645 turns).

spaghetti the Sneak (Octopode Delver)                Turns: 645, Time: 00:01:04

Health: -2/16      AC:  1    Str: 11    XL:     1   Next: 40%
Magic:  1/1        EV: 13    Int: 12    God:
Gold:   0          SH:  0    Dex: 13    Spells: 0/0 levels left

rFire   . . .      SeeInvis .   a - +0 short sword {short}
rCold   . . .      Faith    .   (no shield)
rNeg    . . .      Spirit   .   (helmet restricted)
rPois   .          Reflect  .   (no amulet)
rElec   .          Harm     .   (no ring)
rCorr   .          Rampage  .   (no ring)
Will    .....                   (no ring)
Stlth   ++++......              (no ring)
HPRegen 0.05/turn               (no ring)
MPRegen 0.07/turn               (no ring)
                                (no ring)
                                (no ring)

@: no status effects
A: almost no armour, amphibious, 8 rings, camouflage 1, gelatinous body 1,
(nimble swimmer 1), tentacles
a: no special abilities


You were on level 5 of the Dungeon.
You visited 1 branch of the dungeon, and saw 3 of its levels.


Innate Abilities, Weirdness & Mutations

You cannot wear most types of armour.
You are amphibious.
You can wear up to eight rings at the same time.
Your skin changes colour to match your surroundings (Stealth+).
Your rubbery body absorbs attacks. (AC +1, EV +1)
((You are camouflaged near water. (Stealth+)))
You have tentacles for arms and can constrict up to eight enemies at once.


   Skills:
 + Level 3.2 Fighting
 - Level 2.0 Short Blades
 - Level 2.0 Dodging
 - Level 6.6 Stealth


You couldn't memorise any spells.
You didn't know any spells.
Your spell library was empty.

Inventory:

Hand Weapons
 a - a +0 short sword (weapon) {short}
Missiles
 c - 13 stones (quivered) {throwing}
 g - 29 sling bullets
Wands
 f - a wand of digging (3)
Scrolls
 b - a scroll of fog

Dungeon Overview and Level Annotations

Branches:
Dungeon (6/15)
 Temple: D:4-7

Altars:

#..##..#.......#..
#.....#.
#.........###.... ..
.##. ##.......## .# ##
#.....#...# #.##l..
#.##..#...# #..#.# #
#..#...# #....#
#.....#####....# ..
##.......##.#.##...
##...>....@5((...("
#..............##.#.
...............#....(.
...#................##
...##$.................
.. ##...#...##...#####
#)########...... #.
#.#.#... .. #.#......


You could see an ufetubus.


Message History

An ogre comes into view. It is wielding a +0 giant club.
You see here 18 arrows.
An ufetubus comes into view.
The ufetubus shouts!
There is a stone staircase leading down here.
You climb downwards.
There is a stone staircase leading up here. 😮 HP[+1] Unknown command.
Unknown command.
Really read
c - a scroll of magic mapping {!r}?
As you read the scroll of magic mapping {!r}, it crumbles to dust.
You feel aware of your surroundings.
You start resting. 😎 HP[+7]
Your hp is fully restored (16).
You climb upwards.
The ufetubus hits you. x2
* * * LOW HITPOINT WARNING * * *
The ufetubus hits you.
* * * LOW HITPOINT WARNING * * *
The ufetubus closely misses you.
There is a stone staircase leading down, spattered with blood here. 😱 HP[-12]
You take 12 damage, and now have 4/16 hp.
MASSIVE DAMAGE!! (PAUSE) Unknown command.
Okay, then.
You aren't carrying any potions.
As you read the scroll of fear, it crumbles to dust.
You assume a fearsome visage.
The ufetubus looks frightened!
There is a stone staircase leading up here.
You climb upwards.
There is a stone staircase leading down here.
Unknown command.
Unknown command.
You start resting.
A goblin is nearby! 😨 HP[+1]
The goblin shoots a stone.
The stone barely misses you.
The goblin shoots a stone.
The stone barely misses you.
The goblin shoots a stone.
The stone hits you.
* * * LOW HITPOINT WARNING * * *
😱 HP[-1]
You take 1 damage, and now have 4/16 hp.
The goblin shoots a stone.
The stone hits you.
* * * LOW HITPOINT WARNING * * *
😱 HP[-2]
You take 2 damage, and now have 2/16 hp.
The goblin unwields a +0 hunting sling.
The goblin wields a +0 dagger.
The goblin barely misses you.
You hit the goblin but do no damage. You grab the goblin.
You squeeze the goblin.
You kill the goblin!
c - 17 stones {throwing}
Things that are here:
a +0 dagger {short}; a +0 hunting sling {sling}; a goblin corpse You start resting.
An ogre is nearby! 😱 HP[+1]
There is a stone staircase leading down here.
You climb downwards.
There is a stone staircase leading up here.
Unknown command.
Unknown command.
You start resting.
An ufetubus is nearby! 😱 HP[+1]
Okay, then.
Throw: 17 stones {throwing}
Press: ? - help, Q - select action Shift-Dir - straight line, f - ufetubus
Aim: an ufetubus (38% to hit)
You throw a stone {throwing}.
The stone {throwing} hits the ufetubus but does no damage.
Throw: 16 stones {throwing}
Press: ? - help, Q - select action Shift-Dir - straight line, f/p - ufetubus
Aim: an ufetubus (38% to hit)
You throw a stone {throwing}.
The stone {throwing} barely misses the ufetubus.
Throw: 15 stones {throwing}
Press: ? - help, Q - select action Shift-Dir - straight line, f/p - ufetubus
Aim: an ufetubus (38% to hit)
You throw a stone {throwing}.
The stone {throwing} hits the ufetubus but does no damage.
Throw: 14 stones {throwing}
Press: ? - help, Q - select action Shift-Dir - straight line, f/p - ufetubus
Aim: an ufetubus (38% to hit)
You throw a stone {throwing}. The stone {throwing} hits the ufetubus.
The ufetubus hits you.
* * * LOW HITPOINT WARNING * * *
The ufetubus barely misses you. 😱 HP[-3]
You take 3 damage, and now have 1/16 hp.
You barely miss the ufetubus. You grab the ufetubus.
Your squeeze misses the ufetubus.
You constrict the ufetubus, but do no damage.
The ufetubus misses you. The ufetubus closely misses you.
The ufetubus hits you but does no damage.
The ufetubus closely misses you.
You hit the ufetubus. You constrict the ufetubus. The ufetubus hits you.
You die...

Action                   || total
-------------------------++-------
Melee: Short sword       ||     5
       Constrict         ||     2
       Tentacles         ||     1
Throw: Stone             ||     4
  Use: Scroll            ||     4
       Potion            ||     1
 Stab: Sleeping          ||     1
Armor: Skin              ||     1
Dodge: Dodged            ||    13

Levels and vault maps discovered:
D:4:      layout_loops_ring
D:5:      layout_rooms, mainiacjoe_overflow_concentric_impassable,
          feat_on_display
D:6:      layout_loops_ring, chequers_serial_rivers_room_b,
          chequers_serial_rivers_micro_d, kb_rosetta

Notes
Turn   | Place    | Note
-------+----------+-------------------------------------------
     0 | D:5      | spaghetti the Octopode Delver began the quest for the Orb.
     0 | D:5      | Reached XP level 1. HP: 16/16 MP: 1/1
     0 | D:5      | magus.rc [v1.9.6]
    21 | D:5      | Noticed an iguana
    22 | D:5      | Noticed a centaur
    34 | D:5      | HP: 4/16 [centaur/arrow (7)]
   386 | D:4      | Noticed an ogre
   401 | D:5      | Noticed a centaur
   425 | D:5      | Noticed an ogre
   579 | D:5      | HP: 4/16 [ufetubus (3)]
   603 | D:4      | HP: 4/16 [goblin/stone (1)]
   643 | D:5      | HP: 1/16 [ufetubus (3)]
   645 | D:5      | Slain by an ufetubus

Vanquished Creatures
  A ball python (D:4)
  A goblin (D:4)
2 creatures vanquished.

Table legend:
 A = Non-vault XP
 B = Vault XP
 C = Vault XP percentage of total XP
 D = Non-vault monster count
 E = Vault monster count
 F = Vault count percentage of total count
                 A         B        C        D         E       F
            +---------+---------+-------+---------+---------+-------
      Total |       4 |       0 |   0.0 |       2 |       0 |   0.0
            +---------+---------+-------+---------+---------+-------
        D:4 |       4 |       0 |   0.0 |       2 |       0 |   0.0
            +---------+---------+-------+---------+---------+-------

Illustrated notes

Table legend:
 A = Kills in this place as a percentage of kills in entire the game.
 B = Kills by you in this place as a percentage of kills by you in the entire game.
 C = Kills by friends in this place as a percentage of kills by friends in the entire game.
 D = Other kills in this place as a percentage of other kills in the entire game.
 E = Experience gained in this place as a percentage of experience gained in the entire game.
 F = Experience gained in this place divided by the number of levels of this place that you have seen.
                   A       B       C       D       E      F
               +-------+-------+-------+-------+-------+----------------------
         Total | 100.0 | 100.0 |   N/A |   N/A | 100.0 |   1.3
       Dungeon | 100.0 | 100.0 |   N/A |   N/A | 100.0 |   1.3
               +-------+-------+-------+-------+-------+----------------------

Table legend: (Time is in decaauts)
 A = Elapsed time spent in this place.
 B = Non-inter-level travel time spent in this place.
 C = Inter-level travel time spent in this place.
 D = Time resting spent in this place.
 E = Time spent auto-exploring this place.
 F = Levels seen in this place.
 G = Mean time per level.
                   A        B        C        D        E       F      G
               +--------+--------+--------+--------+--------+-----+--------+
         Total |    629 |    629 |      0 |    527 |     12 |   3 |  209.7 |
       Dungeon |    629 |    629 |      0 |    527 |     12 |   3 |  209.7 |
               +--------+--------+--------+--------+--------+-----+--------+

Top non-repeatable levels by time:
     D:4: 398 daAuts
     D:6: 141 daAuts
     D:5: 88 daAuts
